AoeStats
← [AirBo]一大包

Arena

506414173Analyzed
4v4 RM · 17d ago on Sep 13, 2026· 36m 58s· 8 players
Game mode
Random Map
Map size
Large (8 player)
Population
200
Speed
Normal
Resources
Standard
Victory
Conquest
Starting age
Dark Age
Ending age
Imperial Age
RankedLock teamsTeams togetherTeam positionsShared explorationLock speedFull tech treeHidden civsTurbo modeCheats
Victory
Defeat
🇩🇪 Romans · Germany
1795
+10
🇧🇪 Persians · Belgium
1736
+12
🇭🇰 Teutons · Hong Kong SAR China
1713
+13
🇦🇹 Bohemians · Austria
1622
+18
🇦🇷 Britons · Argentina
1712
-16
🇭🇰 Hindustanis · Hong Kong SAR China
1688
-15
🇹🇼 Wei · Taiwan
1607
-11
🇹🇼 Teutons · Taiwan
1596
-11
TrCL.ovoin
11:15 Feudal Age
14:50 Castle Age
12:38 Double-Bit Axe
12:57 Horse Collar
15:57 Bow Saw
24:03 Wheelbarrow
23:14 Loom
23:15 Town Watch
24:52 Heavy Plow
25:59 Hand Cart
30:04 Imperial Age
29:08 Chemistry
28:20 Padded Archer Armor
29:27 Wagenburg Tactics
29:39 Leather Archer Armor
30:54 Sanctity
32:42 Ring Archer Armor
34:03 Siege Engineers
34:12 Houfnice
36:07 Ballistics
36:23 Treadmill Crane
36:54 Masonry
36:53 Fletching
JINX
10:51 Feudal Age
14:27 Castle Age
12:26 Double-Bit Axe
12:45 Horse Collar
15:29 Husbandry
16:33 Bow Saw
17:49 Loom
18:44 Town Watch
24:02 Wheelbarrow
25:25 Heavy Plow
25:48 Hand Cart
26:18 Gold Mining
29:48 Imperial Age
27:29 Husbandry
27:34 Scale Barding Armor
27:40 Forging
27:33 Heavy Plow
28:25 Gold Shaft Mining
28:05 Bloodlines
28:49 Chain Barding Armor
30:00 Iron Casting
30:35 Conscription
30:51 Plate Barding Armor
29:42 Heavy Camel Rider
30:33 Stone Mining
32:25 Blast Furnace
31:17 Cavalier
33:22 Savar
34:09 Caravan
34:54 Guilds
35:55 Chemistry
34:56 Padded Archer Armor
34:34 Elite War Elephant
35:59 Stone Shaft Mining
36:33 Devotion
36:55 Squires
36:41 Arson
36:57 Scale Mail Armor
YMK414
8:51 Feudal Age
8:46 Loom
9:22 Double-Bit Axe
10:58 Fletching
20:53 Castle Age
19:05 Gold Mining
26:26 Imperial Age
24:17 Horse Collar
25:40 Bow Saw
26:32 Wheelbarrow
29:19 Bodkin Arrow
30:50 Forging
31:14 Pikeman
32:19 Conscription
32:41 Stone Mining
34:12 Scale Barding Armor
33:46 Cavalier
36:06 Bloodlines
37:15 Chain Barding Armor
Peter_Pahn
10:05 Feudal Age
9:55 Loom
13:42 Castle Age
12:09 Double-Bit Axe
14:49 Bow Saw
21:22 Horse Collar
22:22 Fervor
23:09 Heavy Plow
25:27 Scale Mail Armor
26:05 Pikeman
28:08 Wheelbarrow
27:20 Pikeman
28:55 Squires
30:43 Hand Cart
36:07 Imperial Age
33:52 Chain Mail Armor
33:51 Forging
33:33 Gold Mining
33:34 Stone Mining
33:17 Man-at-Arms
34:13 Long Swordsman
36:26 Iron Casting
36:25 Legionary
37:30 Comitatenses
36:40 Capped Ram
[AirBo]實心包
10:41 Feudal Age
14:38 Castle Age
12:48 Double-Bit Axe
14:17 Horse Collar
16:18 Bow Saw
16:41 Heavy Plow
19:36 Loom
20:47 Wheelbarrow
19:58 Loom
22:59 Hand Cart
27:26 Imperial Age
25:01 Gold Mining
25:02 Stone Mining
25:58 Scale Barding Armor
26:16 Bloodlines
26:19 Forging
26:36 Town Watch
26:55 Husbandry
28:14 Fletching
29:28 Chemistry
28:52 Bodkin Arrow
29:18 Ballistics
29:24 Padded Archer Armor
31:14 Bracer
31:29 Leather Archer Armor
32:19 Thumb Ring
32:52 Scale Mail Armor
33:13 Chain Barding Armor
33:02 Heavy Cavalry Archer
35:31 Two-Man Saw
35:27 Ring Archer Armor
35:33 Plate Barding Armor
[AirBo]一大包
10:22 Feudal Age
11:37 Double-Bit Axe
14:26 Castle Age
12:28 Double-Bit Axe
12:47 Horse Collar
16:16 Bow Saw
20:25 Scale Barding Armor
21:58 Wheelbarrow
21:10 Loom
29:09 Imperial Age
26:54 Forging
27:38 Chain Barding Armor
28:08 Hand Cart
27:39 Town Watch
28:10 Bloodlines
28:40 Iron Casting
28:41 Devotion
29:56 Scale Mail Armor
30:57 Blast Furnace
29:43 Pikeman
30:03 Onager
31:05 Heavy Plow
31:38 Chain Mail Armor
32:28 Chemistry
31:38 Halberdier
32:54 Chain Mail Armor
32:42 Squires
34:51 Plate Mail Armor
甜心包
7:04 Loom
9:17 Feudal Age
9:45 Double-Bit Axe
9:41 Horse Collar
16:43 Castle Age
16:12 Forging
16:48 Light Cavalry
20:30 Husbandry
31:12 Town Watch
[AirBo]空氣包
6:05 Loom
8:50 Feudal Age
9:22 Double-Bit Axe
11:30 Fletching
18:22 Town Watch
19:57 Wheelbarrow
23:54 Castle Age
29:40 Imperial Age
27:58 Crossbowman
29:20 Bodkin Arrow
33:49 Imperial Age
34:42 Bracer
Connection lost

Rejoining the realm…

Still unreachable

The connection could not be restored.

Session expired

The server has moved on; the page needs a fresh start.